Map: Site Delta LE

Players

xbrokezx - Winner!

  • Race: Terran Terran
  • League: Bronze
  • Spawn Location: 11:00

creampie

  • Race: Terran Terran
  • League: Gold
  • Spawn Location: 5:00

VOD

Have the link to the VOD?

Description

Time

  • Played on: Nov. 24, 2024, 2:39 p.m.
  • Length: 13:17
Show
View Real Time Build Order
Export as new Build Order

xbrokezx Terran - Winner!

Build Orders:  

Get SALT Encoding   

  12  0:00  SCV  
  13  0:12  SCV  
  14  0:20  Supply Depot  
  14  0:25  SCV  
  15  0:41  SCV  
  16  0:43  Barracks  
  16  0:53  SCV  
  16  0:55  Barracks  
  17  1:07  SCV  
  18  1:19  SCV  
  18  1:21  Barracks  
  19  1:32  Supply Depot, Marine  
  19  1:34  Orbital Command  
  20  1:47  Marine  
  21  1:56  Marine  
  22  2:04  Marine  
  23  2:10  Command Center  
  23  2:12  SCV  
  24  2:20  Marine x2  
  26  2:25  Marine  
  26  2:29  SCV  
  28  2:35  Barracks  
  26  3:07  Marine x2  
  26  3:08  Marine  
  29  3:16  SCV  
  30  3:21  Orbital Command  
  30  3:53  Marine x3  
  32  4:00  Marine  
  31  4:07  Barracks x2  
  31  4:08  Barracks  
  31  4:11  SCV x2  
  31  4:14  Barracks x2  
  31  4:15  Marine  
  31  4:16  Marine x2, Barracks  
  36  4:26  SCV x2  
  38  4:34  Command Center  
  38  4:39  Marine x2  
  38  4:40  Marine  
  38  4:41  SCV x2  
  43  4:56  SCV x2  
  43  4:59  Marine  
  46  5:07  Supply Depot  
  46  5:09  Supply Depot  
  46  5:10  Marine x2  
  46  5:11  Marine  
  46  5:12  Marine x3  
  46  5:13  Marine  
  46  5:28  Marine x5  
  46  5:29  Marine x2  
  46  5:30  Marine  
  46  5:31  Marine x2  
  56  5:38  SCV  
  56  5:39  SCV  
  51  5:46  Marine x5  
  51  5:47  Marine x3  
  51  5:49  Marine x2  
  61  5:53  SCV x2  
  63  6:04  Marine  
  63  6:09  Barracks  
  63  6:10  Marine x5, Barracks  
  69  6:11  Barracks  
  69  6:13  Marine x2, Barracks  
  69  6:16  Marine x2  
  71  6:30  Marine x5  
  71  6:31  Marine  
  71  6:32  Marine x2  
  77  6:38  Orbital Command  
  75  6:40  SCV x2  
  77  6:55  SCV  
  77  7:01  Marine x6  
  61  7:02  Marine x4  
  68  7:12  Marine  
  68  7:13  Marine x3  
  68  7:15  SCV x3  
  75  7:19  Marine x2  
  77  7:31  Command Center  
  77  7:36  Supply Depot  
  77  7:37  Supply Depot  
  77  7:38  Supply Depot  
  77  7:57  Marine x8  
  85  7:58  Marine x3  
  85  8:01  Marine  
  85  8:02  Marine x2  
  91  8:08  Barracks  
  91  8:09  Barracks  
  91  8:10  Barracks  
  91  8:13  Barracks  
  91  8:20  SCV  
  91  8:21  SCV x2  
  66  8:43  Marine  
  66  8:44  Marine x8  
  66  8:45  Marine x5  
  72  8:53  SCV x3  
  75  8:57  Marine x3  
  75  9:01  Marine x3  
  81  9:05  Supply Depot x2  
  81  9:06  Supply Depot  
  81  9:09  SCV x3  
  84  9:22  Marine x6  
  84  9:23  Marine x7  
  84  9:24  Marine x4  
  98  9:25  Marine  
  98  9:29  Orbital Command  
  102  9:41  Marine x3  
  102  9:42  Marine x7  
  102  9:43  Marine x7  
  102  9:44  Marine  
  108  9:59  Marine x5  
  95  10:00  Marine x7  
  95  10:01  Marine x5  
  95  10:02  Marine  
  110  10:17  Marine x6  
  110  10:18  Marine x7  
  110  10:19  Marine x4  
  110  10:20  Marine  
  128  10:23  Supply Depot  
  128  10:24  Supply Depot  
  128  10:26  Barracks  
  128  10:27  Barracks  
  128  10:30  Barracks  
  128  10:35  Marine x7  
  131  10:36  Marine x7  
  131  10:37  Marine  
  131  10:38  Marine  
  115  11:10  Marine x5  
  115  11:11  Marine x4  
  112  11:12  Marine x9  
  120  11:24  SCV  
  120  11:25  SCV x3  
  124  11:28  Marine x5  
  124  11:32  Marine x2  
  130  11:33  Marine x11  
  142  11:40  SCV x3  
  142  11:41  SCV  
  145  11:52  SCV  
  139  12:04  SCV  
  139  12:05  Marine x8  
  139  12:06  Marine x10  
  141  12:23  Marine x7  
  144  12:37  Marine  
  144  12:38  Marine x10  
  144  12:40  SCV x2  
  156  12:50  Supply Depot  
  156  12:51  Supply Depot  
  156  12:53  Supply Depot  
  156  12:54  Supply Depot  
Show
View Real Time Build Order
Export as new Build Order

creampie Terran 

Build Orders:  

Get SALT Encoding   

  12  0:00  SCV  
  13  0:17  Supply Depot, SCV  
  14  0:29  SCV  
  14  0:32  Refinery  
  15  0:41  SCV  
  16  0:47  Barracks  
  16  0:53  SCV  
  17  1:05  SCV  
  18  1:16  Refinery  
  18  1:17  SCV  
  19  1:29  SCV  
  20  1:34  Reaper  
  21  1:43  Engineering Bay, SCV  
  22  1:53  Supply Depot  
  22  1:56  SCV  
  23  2:15  Factory, SCV  
  25  2:16  Supply Depot  
  25  2:26  Barracks Reactor  
  25  2:27  SCV  
  25  2:39  SCV  
  26  3:17  Marine x2  
  28  3:34  Marine  
  28  3:35  Marine  
  28  3:39  Factory Tech Lab  
  29  3:52  Marine x2  
  29  4:10  Marine x2  
  31  4:17  Command Center  
  31  4:18  Starport  
  31  4:21  Cyclone  
  33  4:25  SCV  
  33  4:28  Marine x2  
  37  4:39  Orbital Command  
  36  4:46  Marine  
  36  4:49  Supply Depot  
  37  4:53  Widow Mine  
  37  4:54  Starport  
  39  5:10  Medivac  
  39  5:11  Supply Depot  
  41  5:14  Siege Tank  
  44  5:36  Supply Depot  
  41  5:46  Siege Tank  
  44  5:57  Supply Depot  
  44  6:04  Bunker  
  44  6:10  Marine x2  
  46  6:18  Siege Tank  
  44  6:28  Marine x2  
  40  6:46  Marine x2  
  42  6:56  Medivac  
  42  6:59  Siege Tank  
  44  7:04  Marine  
  45  7:13  Medivac  
  47  7:20  Supply Depot, Barracks  
  47  7:31  Fusion Core, Siege Tank, SCV  
  47  7:33  SCV  
  52  7:44  SCV  
  53  7:45  SCV  
  54  7:56  SCV  
  54  7:57  SCV  
  56  8:10  SCV  
  56  8:12  Refinery  
  57  8:15  Refinery  
  57  8:19  Widow Mine  
  59  8:22  SCV  
  59  8:26  Starport Tech Lab  
  60  8:28  Starport Tech Lab  
  60  8:41  Cyclone  
  54  9:10  Marine x2  
  54  9:17  Battlecruiser x2  
  68  9:27  Marine  
  68  9:28  Marine  
  68  9:31  SCV  
  71  9:43  SCV  
  71  9:45  Marine  
  71  9:55  SCV  
  69  10:07  SCV, Bunker  
  69  10:09  Marine x2  
  72  10:19  SCV  
  73  10:21  Command Center  
  73  10:27  Marine x2  
  75  10:31  SCV  
  76  10:43  SCV  
  76  10:44  Marine  
  76  10:45  Marine  
  69  10:56  SCV  
  62  11:02  Marine  
  50  11:14  Marine  
  50  11:18  Hellion  
  53  11:20  Marine  
  53  11:24  Viking x2  
  58  11:39  Hellion  
  60  11:43  SCV  
  58  11:55  SCV  
  58  12:01  Hellion  
  58  12:07  SCV  
  58  12:19  SCV  
  58  12:22  Hellion  
  57  12:24  Armory  
  53  12:32  SCV  
  52  12:39  SCV  
  52  12:43  Hellion  
  52  12:44  SCV  
  56  12:51  SCV  
  56  12:56  SCV  
Tags
 
Matchup
TvT
Race
Terran
Spawn Locations
Cross Positions
Add a new tag
Caveats
  • Supply blocks, unpowered buildings, or Contaminate may cause inaccurate times.
  • Supply counts are checked every 10 seconds.